 Dungeon Crawl Stone Soup version 0.23-a0-359-g9beedce (webtiles) character file.

136132 MisterFreud the Spry (level 16, -20/78 HPs)
             Began as a Felid Transmuter on Oct 23, 2018.
             Was a Priest of Cheibriados.
             Hit by a javelin of returning thrown by a merfolk javelineer (31 damage)
             ... on level 4 of the Shoals.
             The game lasted 02:32:03 (25757 turns).

MisterFreud the Spry (Felid Transmuter)            Turns: 25757, Time: 02:32:04

Health: -20/78     AC:  3    Str: 19    XL:     16   Next: 36%
Magic:  23/29      EV: 37    Int: 35    God:    Cheibriados [***...]
Gold:   830        SH:  0    Dex: 26    Spells: 6/31 levels left
                                        Lives:  0   Deaths: 3

rFire    . . .     SeeInvis +     - Unarmed
rCold    + . .     Gourm    .   (shield unavailable)
rNeg     . . .     Faith    .   (armour unavailable)
rPois    +         Spirit   .   (helmet unavailable)
rElec    .         Reflect  .   (cloak unavailable)
rCorr    +         Harm     .   (gloves unavailable)
MR       ++++.                  (boots unavailable)
Stlth    ++........             r - amulet of regeneration
HPRegen  0.63/turn              N - ring of Xekhlaho {rCorr *Slow rPois MR+ Int+8}
MPRegen  0.21/turn              E - ring "Tauphuga" {+Fly MR+ Str+4}

@: blade paws (expiring), barbed spikes, invisible, very slow
A: very small, no armour, no weapons or thrown items, stealth, claws 1, fangs 3,
see invisible, carnivore, speed 1, shaggy fur 3, slow metabolism 1
}: 1/15 runes: gossamer
a: End Transformation, Bend Time, Temporal Distortion, Renounce Religion, Evoke
Flight


You were on level 4 of the Shoals.
You worshipped Cheibriados.
Cheibriados was most pleased with you.
You were full.
You had blades for front paws.
You visited 5 branches of the dungeon, and saw 31 of its levels.
You visited 2 bazaars.

You collected 2678 gold pieces.
You spent 1848 gold pieces at shops.

Inventory:

Missiles
 a - 472 arrows
Jewellery
 b - an uncursed ring of protection from fire
 f - a +4 ring of protection
 r - an amulet of regeneration (around neck)
 w - an uncursed ring of ice
 E - the ring "Tauphuga" (right scythe-like blade) {+Fly MR+ Str+4}
   (You bought it in a shop in a bazaar)

   [ring of protection from magic]

   It affects your strength (+4).
   It affects your resistance to hostile enchantments.
   It lets you fly.
 I - a +2 amulet of reflection
 L - an uncursed ring of protection from magic
 N - the ring of Xekhlaho (left scythe-like blade) {rCorr *Slow rPois MR+ Int+8}
   (You bought it in a shop on level 2 of the Orcish Mines)

   [ring of resist corrosion]

   It affects your intelligence (+8).
   It protects you from poison.
   It affects your resistance to hostile enchantments.
   It may slow you when you take damage.
 Q - an uncursed amulet of the gourmand {unknown}
Wands
 k - a wand of clouds (7)
 u - a wand of digging (11)
 x - a wand of enslavement (8)
 z - a wand of acid (1)
 A - a wand of polymorph (18)
 D - a wand of flame (42)
 G - a wand of paralysis (46)
 K - a wand of disintegration (12)
Scrolls
 e - 9 scrolls of amnesia
 i - 9 scrolls of remove curse
 l - a scroll of holy word
 n - 2 scrolls of fog
 q - 4 scrolls of immolation
 y - 3 scrolls of fear
 C - a scroll of summoning
 P - a scroll of magic mapping
 R - a scroll of identify
Potions
 g - 2 potions of invisibility
 h - a potion of agility
 j - 2 potions of mutation
 p - 3 potions of flight
 s - 2 potions of cancellation
 v - 4 potions of might
 B - 5 potions of ambrosia
 M - a potion of lignification
 U - 2 potions of magic
Miscellaneous
 m - a crystal ball of energy
 t - a fan of gales
 F - a lightning rod (4/4)
 J - a phial of floods
Comestibles
 c - 65 rations


   Skills:
 - Level 13.3 Fighting
 - Level 18.1 Dodging
 - Level 10.0 Stealth
 + Level 17.1 Unarmed Combat
 - Level 8.0 Spellcasting
 - Level 6.0 Charms
 - Level 8.0 Transmutations
 - Level 4.0 Ice Magic
 - Level 4.0 Earth Magic
 - Level 10.0 Invocations
 - Level 10.0 Evocations


You had 6 spell levels left.
You knew the following spells:

 Your Spells              Type           Power        Failure   Level  Hunger
a - Beastly Appendage     Tmut           ######       7%          1    None
b - Sticks to Snakes      Tmut           ######..     9%          2    None
c - Spider Form           Tmut/Pois      #####.....   21%         3    None
d - Blade Hands           Tmut           ######....   26%         5    ###....
e - Ozocubu's Armour      Chrm/Ice       #####...     16%         3    None
f - Statue Form           Tmut/Erth      ######...    78%         6    #####..
g - Lee's Rapid Deconstr  Erth           #####.....   56%         5    ###....

Your spell library contained the following spells:

 Spells                   Type           Power        Failure   Level  Hunger
 Passwall                 Tmut/Erth      ######..     11%         2    None
 Freeze                   Ice            ####         12%         1    None
 Sandblast                Erth           #####.       12%         1    None
 Throw Frost              Conj/Ice       ####..       21%         2    None
 Ice Form                 Ice/Tmut       ######..     24%         4    None
 Petrify                  Tmut/Erth      ######..     24%         4    None
 Confusing Touch          Hex            ##....       26%         1    None
 Corona                   Hex            ##.....      26%         1    None
 Summon Small Mammal      Summ           ##..         26%         1    None
 Ignite Poison            Fire/Tmut/Pois ####....     26%         3    None
 Stone Arrow              Conj/Erth      ####..       30%         3    None
 Call Imp                 Summ           ##......     32%         2    None
 Slow                     Hex            ##......     32%         2    None
 Call Canine Familiar     Summ           ##......     43%         3    None
 Confuse                  Hex            ##......     43%         3    None
 Gell's Gravitas          Tloc           ##........   43%         3    None
 Inner Flame              Hex/Fire       ##......     43%         3    None
 Recall                   Summ/Tloc      N/A          43%         3    None
 Summon Guardian Golem    Hex/Summ       ##......     43%         3    None
 Leda's Liquefaction      Hex/Erth       ####......   52%         4    None
 Summon Ice Beast         Ice/Summ       ####....     52%         4    None
 Throw Icicle             Conj/Ice       ####....     52%         4    None
 Irradiate                Conj/Tmut      #####.....   56%         5    ###....
 Yara's Violent Unravell  Hex/Tmut       #####.....   56%         5    ###....
 Hydra Form               Tmut           ######....   58%         6    #####..
 Animate Dead             Necr           N/A          73%         4    None
 Cause Fear               Hex            ##........   73%         4    None
 Summon Lightning Spire   Summ/Air       ##......     73%         4    None
 Borgnjor's Vile Clutch   Necr/Erth      ####......   78%         5    ###....
 Metabolic Englaciation   Hex/Ice        ####......   78%         5    ###....
 Fireball                 Conj/Fire      ##........   93%         5    ###....
 Simulacrum               Ice/Necr       ####......   99%         6    #####..
 Bolt of Fire             Conj/Fire      ##........   100%        6    #####..
 Death Channel            Necr           ##........   100%        6    #####..
 Dragon Form              Tmut           ######....   95%         7    ######.
 Ring of Flames           Chrm/Fire      #####.....   100%        7    ######.
 Ignition                 Fire           ##........   100%        8    #######
 Portal Projectile        Hex/Tloc       Unusable     N/A         3    N/A

Dungeon Overview and Level Annotations

Branches:
Dungeon (15/15)            Temple (0/1) D:6            Lair (6/6) D:9
 Shoals (4/4) Lair:4       Spider (4/4) Lair:4          Orc (2/2) D:11
    Elf (0/3) Orc:2        Vaults (0/5) D:13         Depths (0/5) D:15
  Slime: Lair:5-6

Altars:
Ashenzari
Cheibriados
Elyvilon
Gozag
Ru
Sif Muna
Vehumet
Xom
Zin
Beogh

Shops:
D:5 *   D:7 :   D:13 (   D:15 *   Orc:2 (=[%

Annotations:
D:10 exclusion: ice statue
Lair:1 exclusion: oklob plant
Lair:2 2 transporters, Tomeheu's ghost, journeyman DECj
Shoals:1 1 runed door, Qorch's ghost, adept MfBe
Spider:4 exclusion: Roxanne, Roxanne


Innate Abilities, Weirdness & Mutations

You cannot wear armour.
You are incapable of wielding weapons or throwing items.
Your paws allow you to move quietly. (Stealth)
You have sharp claws.
You have razor-sharp teeth.
You have supernaturally acute eyesight. (SInv)
You are carnivorous and can eat meat at any time.
You cover ground quickly.
Your thick and shaggy fur keeps you warm. (AC +3, rC+)
You have a slow metabolism.
((Your sharp claws are effective at attacking unaware monsters.))


Message History

Unknown command.
Okay, then.
Unknown command.
Unknown command.
Okay, then.
Press: ? - help, v - describe, . - travel
Here: a merfolk impaler, wielding a +3 demon trident of freezing and wearing a Some shallow water.
Press: ? - help, v - describe, . - travel
Here: a faun, wielding a +0 club The floor.
Okay, then.
Unknown command.
Press: ? - help, v - describe, . - travel
Here: a merfolk javelineer, wielding a +2 spear of flaming and wearing a +0 The floor.
You fade into invisibility!
The merfolk javelineer throws a javelin of returning.
The javelin of returning hits you!!
You die...

...###.≈≈≈≈≈≈.m. ≈≈≈≈≈≈≈≈....
...# ..≈≈≈≈≈.........≈≈≈≈≈≈.....
...# #..≈≈<≈............≈≈≈...≈≈
...# #.≈≈≈≈≈c..c.............≈≈
...#####.≈≈≈≈≈≈.).m.....m..?..≈≈≈
...≈≈≈≈#.≈≈≈≈≈≈..†............≈≈≈
##.####..≈≈≈≈≈c≈≈c.....m...$..≈≈#
#### #(.≈≈≈≈≈≈≈≈≈≈..... .≈≈ #
#m≈##≈≈≈≈≈H≈@≈≈#
.m≈.≈#.≈≈≈≈≈≈SS≈≈#
#.#≈#≈###≈≈≈≈≈≈≈≈≈#≈≈# ≈≈m.≈
#.≈≈≈≈≈≈≈≈## ≈≈≈. ≈≈ .#≈
##≈≈≈≈≈≈≈m# #≈#. ≈ .Z. #≈≈≈≈≈≈≈≈≈
≈≈ #.w w ###≈≈..≈≈≈≈≈ ≈
#######.......≈≈≈≈
.≈≈#≈.#.......≈≈≈


You could see a merfolk impaler, a merfolk javelineer, a sea snake, a faun, a
friendly satyr, a friendly sea snake, 2 friendly fauns, a friendly manticore and
a friendly merfolk siren (wandering).

Vanquished Creatures
  Rupert (Lair:5)
  Frances (D:12)
  Kirke (Lair:5)
  A storm dragon (Shoals:4)
  3 ghost moths
  6 emperor scorpions
  A ghoul (D:13)
  4 entropy weavers
  Azrael (D:12)
  3 spark wasps
  2 merfolk impalers
  3 merfolk javelineers
  Harold (D:7)
  A yaktaur captain (D:15)
  Fannar (Lair:1)
  2 hydras
  A catoblepas (Lair:5)
  8 centaur warriors
  3 two-headed ogres
  3 merfolk aquamancers
  2 dancing weapons (D:13)
  A tengu warrior (D:15)
  5 orc high priests
  Sonja (Orc:1)
  6 skeletal warriors
  2 unseen horrors
  7 sea snakes
  A wizard (D:14)
  A swamp dragon (Shoals:2)
  An orc knight (Orc:2)
  Pikel (D:9)
  7 orb spiders
  3 cyclopes
  13 harpies
  25 wolf spiders
  10 manticores
  2 orc sorcerers
  4 fauns
  27 ugly things
  A deep elf mage (D:15)
  3 moths of wrath
  5 water nymphs
  5 merfolk sirens
  20 elephants
  6 centaur zombies
  Psyche (D:9)
  2 gargoyles
  9 spiny frogs
  A torpor snail (Spider:1)
  A yaktaur (D:15)
  2 efreet
  A rime drake (Lair:1)
  13 demonic crawlers
  2 kobold demonologists
  5 komodo dragons
  13 merfolk
  43 jumping spiders
  3 meliai (D:14)
  2 queen bees
  6 trolls
  3 wind drakes
  18 hornets
  5 slime creatures (D:14)
  2 polar bears
  A raiju (Shoals:4)
  6 blink frogs
  16 hippogriffs
  4 snapping turtles (Shoals:4)
  7 dream sheep
  A wraith (D:15)
  53 redbacks
  32 tarantellas
  9 water elementals
  Eustachio (D:5)
  31 yaks
  3 wyverns
  A human (Spider:4)
  4 hogs
  A golden eye (Spider:2)
  3 basilisks
  2 hungry ghosts
  2 vampire mosquitoes (D:15)
  A fire elemental (D:13)
  4 wargs
  2 soldier ants
  21 water moccasins
  2 acid dragons (D:15)
  Duvessa (D:7)
  7 porcupines
  3 hell hounds
  24 orc warriors
  5 ice beasts
  4 slaves (D:9)
  An eye of draining (shapeshifter) (D:13)
  4 sky beasts
  A black bear (Lair:1)
  9 ogres
  4 phantoms
  A hornet zombie (D:13)
  12 necrophages
  7 centaurs
  3 eyes of draining
  3 boggarts (D:15)
  8 crocodiles
  5 big kobolds
  16 bullfrogs
  A wyvern zombie (D:15)
  A wyvern skeleton (D:13)
  10 scorpions
  33 killer bees
  9 wights
  4 howler monkeys
  2 electric eels (Lair:4)
  4 crimson imps
  7 hounds
  27 orc priests
  3 bullfrog skeletons
  3 jellies
  7 centaur skeletons
  2 iguanas
  32 orc wizards
  16 worker ants
  2 hound skeletons (D:8)
  A mummy (D:12)
  A worker ant zombie (D:8)
  9 gnolls
  37 adders
  A river rat (Spider:1)
  2 shadow imps
  An ooze (D:2)
  An adder zombie (D:6)
  2 worms
  4 dart slugs
  A leopard gecko (D:10)
  72 orcs
  2 giant cockroaches
  10 goblins
  8 hobgoblins
  13 jackals
  22 kobolds
  4 quokkas
  3 ball pythons
  6 bats
  7 frilled lizards
  A quokka skeleton (D:6)
  5 rats
1039 creatures vanquished.

Vanquished Creatures (collateral kills)
  A black bear (D:7)
  An ice beast (D:10)
  Dowan (D:7)
  An adder (D:2)
  A leopard gecko (D:8)
  An orc (D:4)
  A jackal (D:3)
7 creatures vanquished.

Vanquished Creatures (others)
  A merfolk impaler (Shoals:4)
  A hornet (Spider:4)
  17 fungi
  14 plants
  4 tentacles (Shoals:4)
  2 withered plants (D:13)
39 creatures vanquished.

Grand Total: 1085 creatures vanquished

Notes
Turn   | Place    | Note
-------+----------+-------------------------------------------
     0 | D:1      | MisterFreud the Felid Transmuter began the quest for the
                  | Orb.
     0 | D:1      | Reached XP level 1. HP: 9/9 MP: 4/4
    48 | D:1      | Reached skill level 1 in Stealth
   362 | D:1      | Reached XP level 2. HP: 12/12 MP: 4/6
   369 | D:1      | Learned a level 2 spell: Sticks to Snakes
   954 | D:2      | Reached XP level 3. HP: 15/15 MP: 5/7
  1632 | D:3      | Reached skill level 5 in Stealth
  1981 | D:3      | Found a white marble altar of Elyvilon.
  2253 | D:3      | Reached XP level 4. HP: 19/19 MP: 6/8
  2430 | D:3      | Learned a level 3 spell: Spider Form
  2598 | D:4      | You fall through a shaft for 3 floors!
  2598 | D:7      | Noticed a black bear
  2599 | D:7      | Noticed Harold
  2632 | D:5      | Entered Level 5 of the Dungeon
  2761 | D:6      | Noticed an ogre
  2774 | D:6      | Reached XP level 5. HP: 24/24 MP: 9/9
  2778 | D:6      | Noticed a phantom
  3094 | D:4      | Found a radiant altar of Vehumet.
  3111 | D:4      | Reached skill level 3 in Dodging
  3120 | D:4      | Reached skill level 4 in Dodging
  3120 | D:4      | Gained mutation: You are covered in thick fur. (AC +2)
                  | [Felid growth]
  3120 | D:4      | Reached XP level 6. HP: 18/28 MP: 7/10
  3673 | D:5      | Reached skill level 5 in Dodging
  3744 | D:5      | Found a snail-covered altar of Cheibriados.
  3774 | D:5      | Reached skill level 6 in Dodging
  3799 | D:5      | Became a worshipper of Cheibriados the Contemplative
  3815 | D:5      | Noticed Eustachio
  3828 | D:5      | Killed Eustachio
  3828 | D:5      | Reached XP level 7. HP: 31/31 MP: 7/11
  4207 | D:5      | Found Vaomp's Serpentskin Sales.
  4514 | D:6      | Reached * piety under Cheibriados
  4537 | D:6      | Reached skill level 5 in Unarmed Combat
  4601 | D:6      | Reached XP level 8. HP: 34/34 MP: 8/12
  4653 | D:6      | Reached skill level 1 in Invocations
  4662 | D:6      | Found a shimmering altar of Xom.
  4937 | D:6      | Found a staircase to the Ecumenical Temple.
  5174 | D:7      | Killed Harold
  5174 | D:7      | Reached XP level 9. HP: 37/43 MP: 9/13
  5231 | D:7      | Reached ** piety under Cheibriados
  5247 | D:7      | Found an opulent altar of Gozag.
  5311 | D:7      | Reached skill level 7 in Dodging
  5337 | D:7      | Found Engeybu's Book Emporium.
  5518 | D:7      | Noticed Duvessa
  5530 | D:7      | Killed Duvessa
  5531 | D:7      | Noticed Dowan
  5537 | D:7      | Killed Dowan
  5537 | D:7      | Reached skill level 5 in Invocations
  5624 | D:7      | Found a deep blue altar of Sif Muna.
  5830 | D:8      | Found a shattered altar of Ashenzari.
  5916 | D:8      | Reached skill level 8 in Dodging
  6082 | D:8      | Reached *** piety under Cheibriados
  6167 | D:8      | Found a sacrificial altar of Ru.
  6196 | D:8      | Reached XP level 10. HP: 41/47 MP: 12/15
  6319 | D:8      | Noticed a green ugly thing
  6340 | D:8      | Killed a green ugly thing
  6635 | D:8      | Learned a level 5 spell: Blade Hands
  6648 | D:9      | Found Zin's Purification Station.
  6659 | D:9      | Found a glowing silver altar of Zin.
  6662 | D:9      | Noticed Psyche
  6669 | D:9      | Killed Psyche
  6669 | D:9      | Reached skill level 1 in Evocations
  6680 | D:9      | Bought a potion of curing for 90 gold pieces
  6750 | D:9      | Found a staircase to the Lair.
  6972 | D:9      | Reached skill level 5 in Transmutations
  7010 | D:9      | Noticed Pikel
  7249 | D:9      | Killed Pikel
  7351 | D:10     | Entered Level 10 of the Dungeon
  7404 | D:10     | Reached **** piety under Cheibriados
  7621 | D:10     | Reached skill level 5 in Evocations
  7935 | D:10     | Noticed an ice statue
  8037 | D:10     | Noticed a gargoyle
  8044 | D:10     | Killed a gargoyle
  8145 | D:10     | Reached XP level 11. HP: 50/50 MP: 16/16
  8241 | Lair:1   | Entered Level 1 of the Lair of Beasts
  8365 | Lair:1   | Reached ***** piety under Cheibriados
  8653 | Lair:1   | Noticed Fannar
  8666 | Lair:1   | Killed Fannar
  8736 | Lair:1   | Noticed an oklob plant
  8975 | Lair:2   | Found a transporter.
  9053 | Lair:2   | Noticed a wolf spider
  9102 | Lair:2   | Noticed a seven-headed hydra
  9246 | Lair:2   | Reached skill level 10 in Stealth
  9344 | Lair:2   | Killed a seven-headed hydra
  9496 | Lair:2   | Found a transporter.
  9499 | Lair:2   | Noticed Tomeheu's ghost (journeyman DECj)
  9594 | Lair:2   | Reached skill level 10 in Unarmed Combat
  9617 | Lair:2   | Reached skill level 9 in Dodging
  9825 | Lair:2   | Gained mutation: Your thick and shaggy fur keeps you warm.
                  | (AC +3, rC+) [Felid growth]
  9825 | Lair:2   | Reached XP level 12. HP: 55/55 MP: 19/19
  9842 | Lair:2   | Reached skill level 10 in Dodging
 10936 | Lair:4   | Reached skill level 11 in Dodging
 11140 | Lair:4   | Found a staircase to the Shoals.
 11262 | Lair:4   | Reached skill level 12 in Dodging
 11373 | Lair:4   | Found a hole to the Spider Nest.
 11556 | Lair:4   | Reached skill level 5 in Spellcasting
 11890 | Lair:5   | Noticed Rupert
 11890 | Lair:5   | Noticed a catoblepas
 11905 | Lair:5   | Reached skill level 13 in Dodging
 11905 | Lair:5   | Reached XP level 13. HP: 5/60 MP: 22/22
 12256 | Lair:5   | Killed Rupert
 12256 | Lair:5   | Reached skill level 10 in Fighting
 12256 | Lair:5   | Reached XP level 14. HP: 35/66 MP: 14/24
 12463 | Lair:5   | Noticed Kirke
 12470 | Lair:5   | Killed Kirke
 12617 | Lair:5   | Reached ****** piety under Cheibriados
 12617 | Lair:5   | Reached skill level 14 in Dodging
 13058 | Lair:6   | Entered Level 6 of the Lair of Beasts
 13483 | D:11     | Found a staircase to the Orcish Mines.
 14858 | D:13     | Noticed Azrael
 14867 | D:12     | Killed Azrael
 14909 | D:13     | Noticed Frances
 14917 | D:12     | Killed Frances
 14958 | Orc:1    | Entered Level 1 of the Orcish Mines
 15042 | Orc:1    | Found a roughly hewn altar of Beogh.
 15376 | Orc:1    | Noticed Sonja
 15384 | Orc:1    | Killed Sonja
 15684 | Orc:2    | Entered Level 2 of the Orcish Mines
 15772 | Orc:2    | Found a flickering gateway to a bazaar.
 15781 | Bazaar   | Entered a bazaar
 15785 | Bazaar   | Found Amif's Armour Boutique.
 15808 | Bazaar   | Found Eripum's Antique Weapon Emporium.
 15831 | Bazaar   | Found Wulerill's Assorted Antiques.
 15837 | Bazaar   | Bought a faintly glowing turquoise ring for 165 gold pieces
 15849 | Bazaar   | Found Dufiki's Antique Armour Shoppe.
 15897 | Bazaar   | Bought a scroll of identify for 66 gold pieces
 15897 | Bazaar   | Identified the ring "Tauphuga" {+Fly MR+ Str+4} (You bought
                  | it in a shop in a bazaar)
 16046 | Orc:2    | Reached XP level 15. HP: 58/72 MP: 23/25
 16362 | Orc:2    | Found Boemnitre's Food Shoppe.
 16365 | Orc:2    | Found Koemmisk's Armour Shoppe.
 16366 | Orc:2    | Found Vutwa's Weapon Emporium.
 16371 | Orc:2    | Found Epsaunefi's Jewellery Emporium.
 16425 | Orc:2    | Found a staircase to the Elven Halls.
 16434 | Orc:2    | Reached skill level 10 in Invocations
 16451 | Orc:2    | Found a roughly hewn altar of Beogh.
 16989 | D:12     | Learned a level 3 spell: Ozocubu's Armour
 17082 | D:13     | Reached skill level 1 in Charms
 17082 | D:13     | Reached skill level 10 in Evocations
 17156 | D:13     | Reached skill level 1 in Ice Magic
 17180 | D:13     | Found Tuorya's Weapon Emporium.
 17207 | D:13     | Mangled by a skeletal warrior
 17208 | D:13     | Reached XP level 14. HP: -6/69 MP: 1/24
 17300 | D:13     | Found a gate to the Vaults.
 17353 | D:13     | Reached XP level 15. HP: 72/72 MP: 24/27
 18399 | D:14     | Reached skill level 15 in Dodging
 18494 | D:15     | Entered Level 15 of the Dungeon
 18696 | D:15     | Found Zeriam's General Store.
 18713 | D:15     | Bought a potion of heal wounds for 85 gold pieces
 18987 | D:15     | Noticed Nessos
 18997 | D:15     | Noticed Nessos
 18997 | D:15     | Nessos changed into Nessos the jumping spider
 19002 | D:15     | Killed Nessos the jumping spider
 19002 | D:15     | Reached XP level 16. HP: 60/76 MP: 19/29
 19119 | D:15     | Found a staircase to the Depths.
 19427 | Orc:2    | Bought the ring of Xekhlaho {rCorr *Slow rPois MR+ Int+8}
                  | for 672 gold pieces
 19631 | Spider:1 | Entered Level 1 of the Spider Nest
 19641 | Lair:4   | Reached skill level 16 in Dodging
 19709 | Spider:1 | Blown up by an orb spider
 19710 | Spider:1 | Reached XP level 15. HP: 0/72 MP: 21/28
 20873 | Spider:2 | Reached skill level 17 in Dodging
 21079 | Spider:2 | Reached skill level 15 in Unarmed Combat
 21815 | Spider:3 | Noticed a ghost moth
 21821 | Spider:3 | Killed a ghost moth
 22260 | Spider:3 | Reached XP level 16. HP: 77/77 MP: 29/29
 22531 | Spider:4 | Entered Level 4 of the Spider Nest
 22829 | Spider:4 | Reached skill level 5 in Charms
 23005 | Spider:4 | Identified Roxanne's Reference Book on the Rocks
 23005 | Spider:4 | Noticed Roxanne
 23610 | Spider:4 | Got a gossamer rune of Zot
 23922 | Shoals:1 | Entered Level 1 of the Shoals
 23989 | Shoals:1 | Reached skill level 18 in Dodging
 24003 | Shoals:1 | Killed from afar by a water nymph
 24004 | Shoals:1 | Reached XP level 15. HP: 0/74 MP: 17/28
 24013 | Shoals:1 | Found a runed door.
 24015 | Shoals:1 | Found a shimmering altar of Xom.
 24015 | Shoals:1 | Noticed Qorch's ghost (adept MfBe)
 24206 | Shoals:2 | Found a flickering gateway to a bazaar.
 24219 | Bazaar   | Entered a bazaar
 24228 | Bazaar   | Found Urut's Book Shop.
 24255 | Bazaar   | Found Ifias's Gadget Shop.
 24283 | Bazaar   | Bought a book of Transfigurations for 770 gold pieces
 24290 | Bazaar   | Learned a level 6 spell: Statue Form
 24369 | Shoals:2 | Reached skill level 1 in Earth Magic
 24570 | Shoals:4 | Entered Level 4 of the Shoals
 24710 | Shoals:4 | Reached XP level 16. HP: 78/78 MP: 29/29
 24821 | Shoals:4 | Learned a level 5 spell: Lee's Rapid Deconstruction
 25616 | Shoals:4 | Noticed a storm dragon
 25616 | Shoals:4 | a merfolk aquamancer changed into a storm dragon
 25742 | Shoals:4 | Killed a storm dragon
 25757 | Shoals:4 | Hit by a javelin of returning thrown by a merfolk
                  | javelineer

Vault maps used:
D:1:      minmay_arrival_shattered_statue
D:2:      first_ration
D:3:      elyvilon_altar_3
D:4:      lemuel_crystal_altar
D:5:      kennysheep_slug_shrine, corexii_corridor_pit, guppyfry_shop_venom,
          uniq_eustachio
D:6:      minmay_temple_entry_overgrown, lemuel_statue_altar
D:7:      kennysheep_orc_sif_temple, grunt_gozag_statues, serial_shops,
          kennysheep_mini, uniq_duvessa, uniq_harold
D:8:      hangedman_ru_absence, lemuel_crystal_altar
D:9:      zin_purify, dpeg_oklobed_lair, blue_anna_alchemist, uniq_pikel,
          uniq_psyche
D:10:     minmay_statue_hallways, minmay_misc_feat_nine_boxes
D:11:     david_orc_1_choice
D:13:     erik_vaults_1, serial_undead, serial_undead_e, serial_undead_e,
          serial_undead_a, serial_undead_f, serial_shops,
          nicolae_shop_competitors_out_of_business, uniq_azrael, uniq_frances
D:14:     hangedman_decor_growths
D:15:     grunt_enter_depths_snipers, serial_shops, shop, uniq_nessos
Lair:1:   eino_small_chamber_without_monster, minmay_lair_oklob_chamber,
          uniq_fannar
Lair:2:   gammafunk_ghost_arena, special_room, roderic_carrion_pond
Lair:3:   infiniplex_staircase_pool_2, serial_bayou_shore_b
Lair:4:   minmay_lair_venomous_thicket, minmay_shoals_entry_lonely_mermaid,
          spider_nest_entry_webs, serial_bayou_lake_a
Lair:5:   lemuel_reptile_caves, uniq_kirke, uniq_rupert
Lair:6:   minmay_lair_end_frog_pond, slime_dummy
Shoals:1: ebering_ghost_xom, nicolae_shoals_mertower
Shoals:2: serial_shops, bzr_in_the_mist, ebering_ghost_davey_jones,
          nicolae_alphabet_shops
Shoals:3: nicolae_shoals_wave_tunnel
Shoals:4: shoals_end_grunt_ice, nicolae_shoals_circle_sea_wall
Spider:3: spider_trap, hangedman_spider_tarantella_strand
Spider:4: guppyfry_spider_rune, special_room, uniq_roxanne
Orc:1:    minmay_goldmine, mines2_david, uniq_sonja
Orc:2:    st_orc_mages, serial_shops, bzr_entry_lakeside, basic_altar
Bazaar:   bazaar_jpeg_circle_common, bazaar_jpeg_cross

Skill      XL: |  1  2  3  4  5  6  7  8  9 10 11 12 13 14 15 16 |
---------------+-------------------------------------------------+-----
Stealth        | 2 4 5 6 7 8 10 | 10.0
Fighting       | 3 7 8 10 12 13 | 13.3
Transmutations | 4 7 8 |  8.0
Dodging        | 4 6 8 9 13 14 17 18 | 18.1
Unarmed Combat | 6 7 8 10 12 15 17 | 17.1
Invocations    | 4 5 6 8 9 10 | 10.0
Evocations     | 6 8 10 | 10.0
Spellcasting   | 4 5 6 7 8 |  8.0
Charms         | 4 6 |  6.0
Ice Magic      | 2 4 |  4.0
Earth Magic    | 2 4 |  4.0

Action                   |  1- 3 |  4- 6 |  7- 9 | 10-12 | 13-15 | 16-18 || total
-------------------------+-------+-------+-------+-------+-------+-------++-------
Melee: Unarmed           |   103 |   106 |   231 |   478 |  1092 |   357 ||  2367
       Headbutt          |     9 |    13 |     4 |     8 |       |       ||    34
       Bite              |     5 |     5 |     6 |    19 |   189 |    59 ||   283
       Punch             |     1 |       |     3 |    15 |   118 |    56 ||   193
 Cast: Beastly Appendage |    30 |    15 |     8 |     2 |       |       ||    55
       Sticks to Snakes  |     4 |     9 |    15 |    12 |     6 |       ||    46
       Spider Form       |       |     3 |    23 |    36 |     3 |       ||    65
       Blade Hands       |       |       |       |    18 |   115 |    32 ||   165
       Ozocubu's Armour  |       |       |       |       |    53 |    40 ||    93
Invok: Slouch            |       |       |       |     4 |    22 |    12 ||    38
       Temporal Distorti |       |       |       |       |     6 |     6 ||    12
 Abil: End Transformatio |       |       |       |       |     2 |       ||     2
Evoke: Wand              |       |       |       |    21 |    45 |    42 ||   108
  Use: Scroll            |     5 |     3 |     3 |    13 |    10 |     8 ||    42
       Potion            |       |       |     1 |     7 |     6 |     8 ||    22
 Stab: Sleeping          |    11 |    10 |    16 |    24 |    34 |    16 ||   111
       Distracted        |     1 |       |       |     3 |     4 |     1 ||     9
       Petrified         |       |       |       |       |     1 |       ||     1
  Eat: Chunk             |    11 |     4 |    12 |    19 |    55 |    11 ||   112
Armor: Skin              |    12 |    16 |     9 |    56 |    52 |    53 ||   198
Dodge: Dodged            |    68 |    79 |   229 |   541 |  1214 |   727 ||  2858

Table legend:
 A = Non-vault XP
 B = Vault XP
 C = Vault XP percentage of total XP
 D = Non-vault monster count
 E = Vault monster count
 F = Vault count percentage of total count
                 A         B        C        D         E       F
            +---------+---------+-------+---------+---------+-------
      Total |  195825 |   65574 |  25.1 |     804 |     240 |  23.0
            +---------+---------+-------+---------+---------+-------
        D:1 |      13 |       0 |   0.0 |       9 |       0 |   0.0
        D:2 |      46 |       0 |   0.0 |      17 |       0 |   0.0
        D:3 |      58 |       0 |   0.0 |      25 |       0 |   0.0
        D:4 |     248 |       0 |   0.0 |      14 |       0 |   0.0
        D:5 |     358 |     228 |  38.9 |      18 |       4 |  18.2
        D:6 |    1144 |       0 |   0.0 |      28 |       0 |   0.0
        D:7 |     858 |    1423 |  62.4 |      11 |       6 |  35.3
        D:8 |    2142 |       0 |   0.0 |      29 |       0 |   0.0
        D:9 |     567 |    1090 |  65.8 |      12 |       3 |  20.0
       D:10 |    2954 |       0 |   0.0 |      31 |       0 |   0.0
       D:11 |    6033 |     875 |  12.7 |      49 |       9 |  15.5
       D:12 |    8242 |    3982 |  32.6 |      46 |       5 |   9.8
       D:13 |    9277 |    5008 |  35.1 |      43 |       8 |  15.7
       D:14 |   15562 |       0 |   0.0 |      51 |       0 |   0.0
       D:15 |   15279 |    2630 |  14.7 |      42 |       4 |   8.7
     Lair:1 |    2622 |    1012 |  27.8 |      12 |       1 |   7.7
     Lair:2 |    6107 |    2520 |  29.2 |      22 |      31 |  58.5
     Lair:3 |    2409 |     116 |   4.6 |       9 |       1 |  10.0
     Lair:4 |    8091 |    2526 |  23.8 |      29 |      16 |  35.6
     Lair:5 |    6522 |    7981 |  55.0 |      21 |      39 |  65.0
     Lair:6 |    4503 |       0 |   0.0 |      11 |       0 |   0.0
   Shoals:1 |   10108 |       0 |   0.0 |      20 |       0 |   0.0
   Shoals:2 |    8778 |       0 |   0.0 |      16 |       0 |   0.0
   Shoals:3 |    1680 |       0 |   0.0 |       4 |       0 |   0.0
   Shoals:4 |   16742 |    7478 |  30.9 |      38 |      13 |  25.5
   Spider:1 |   20930 |       0 |   0.0 |      62 |       0 |   0.0
   Spider:2 |   11374 |       0 |   0.0 |      25 |       0 |   0.0
   Spider:3 |   17335 |     214 |   1.2 |      49 |       1 |   2.0
   Spider:4 |   12082 |   21091 |  63.6 |      36 |      37 |  50.7
      Orc:1 |    2455 |    1494 |  37.8 |      14 |      18 |  56.2
      Orc:2 |    1306 |    5906 |  81.9 |      11 |      44 |  80.0
            +---------+---------+-------+---------+---------+-------
